Rangers vs Oilers

Created - February 13, 2021 at 20:40

Goals
1 2 3 T
Rangers 3 1 1 5
Oilers 1 1 0 2
Shots
1 2 3 T
Rangers 22 9 12 43
Oilers 10 14 2 26

1st period

1. Rangers , Jakob Silfverberg 19 (Sean Couturier 20) at 1:55
2. Rangers , Patrice Bergeron 22 (Milan Lucic 38, Kyle Okposo 18) at 12:01
3. Oilers , James Neal 14 (Leon Draisaitl 20, Taylor Hall 26) at 14:28
4. Rangers , Jakob Silfverberg 20 (Rostislav Olesz 12) at 19:21

Penalties :
No Penalty

2nd period

5. Oilers , Stephane Da Costa 2 (Sean Bergenheim 33) at 1:26
6. Rangers , Patrice Bergeron 23 (Luke Schenn 21) at 8:33 (PP)

Penalties :
Sean Couturier (NYR) for Cross-checking (Minor) at 2:09, Taylor Hall (EDM) for Tripping (Minor) at 7:46, James Neal (EDM) for Holding Stick (Minor) at 10:28, Shea Weber (EDM) for Boarding (Minor) at 13:44, Milan Lucic (NYR) for Interference (Minor) at 18:39

3rd period

7. Rangers , Sean Couturier 16 (Cam Barker 17, Luke Schenn 22) at 18:52 (PP)

Penalties :
Luke Schenn (NYR) for Holding (Minor) at 1:51, Steve Quailer (NYR) for Interference (Minor) at 4:33, Rostislav Olesz (NYR) for Hooking (Minor) at 9:28, Darnell Nurse (EDM) for Tripping (Minor) at 14:01, Adam Larsson (EDM) for High sticking (Minor) at 15:07, Leon Draisaitl (EDM) for Cross-checking (Minor) at 18:14

Goalie Stats

Frederik Andersen (NYR), 24 saves from 26 shots - (0.923), W, 15-20-3, 60:00 minutes
James Reimer (EDM), 38 saves from 43 shots - (0.884), L, 23-12-4, 60:00 minutes

Players Stats for Rangers

Player Name              G  A  P  +/- PIM S  H  SB GA TA FO     MP     PP MP  PK MP  
------------------------------------------------------------------------------------
Cam Barker               0  1  1   1  0   5  1  0  2  3  0/0    28:16   5:42   5:14 
Chris Bourque            0  0  0  -1  0   1  2  0  0  0  0/0    12:25   0:00   2:35 
Devante Smith-Pelly      0  0  0   0  0   1  3  0  0  1  0/0     8:39   0:23   0:00 
Dmitry Kulikov           0  0  0   0  0   1  1  1  0  0  0/0    21:30   2:46   4:44 
Jakob Silfverberg        2  0  2   1  0   8  2  0  0  0  0/1    17:48   4:38   2:10 
Kyle Okposo              0  1  1   1  0   1  2  1  0  0  0/0    15:59   3:27   0:00 
Luke Schenn              0  2  2   1  2   3  0  1  0  1  0/0    27:34   5:42   4:42 
Magnus Paajarvi          0  0  0   0  0   0  0  0  0  0  0/1     8:09   0:00   0:06 
Mark Fistric             0  0  0   0  0   0  0  0  1  0  0/0    21:17   2:46   4:21 
Matt Delahey             0  0  0   0  0   0  1  2  0  1  0/0    10:17   0:00   0:00 
Maxime Sauvé             0  0  0   0  0   0  0  0  0  0  2/4     8:14   0:00   0:06 
Milan Lucic              0  1  1   1  2   6  2  0  3  0  0/0    21:23   5:01   4:00 
Patrice Bergeron         2  0  2   1  0   5  3  0  0  1  16/31  21:50   5:01   4:16 
Patrik Nemeth            0  0  0   0  0   0  0  1  1  0  0/0    11:06   0:00   0:49 
Rostislav Olesz          0  1  1   1  2   4  0  0  0  0  1/2    14:55   3:27   0:00 
Sean Couturier           1  1  2   1  2   3  1  0  0  0  12/19  19:26   3:27   4:17 
Steve Quailer            0  0  0  -1  2   3  2  0  0  0  0/0     9:34   0:00   0:00 
Tomas Hertl              0  0  0  -1  0   2  1  0  0  0  5/9    11:38   0:00   2:20 

Players Stats for Oilers

Player Name              G  A  P  +/- PIM S  H  SB GA TA FO     MP     PP MP  PK MP  
------------------------------------------------------------------------------------
Adam Larsson             0  0  0   2  2   2  2  1  3  0  0/0    23:21   3:34   1:57 
Darnell Nurse            0  0  0   0  2   0  0  0  0  0  0/0    15:03   0:00   1:19 
James Neal               1  0  1   1  2   3  1  0  0  0  0/0    13:52   4:33   0:36 
Jordan Caron             0  0  0   0  0   0  0  1  0  0  0/0     6:53   0:02   0:00 
Jordan Eberle            0  0  0   1  0   1  0  1  0  0  0/0    18:01   5:20   5:09 
Kevin Porter             0  0  0   0  0   0  1  1  0  0  2/5     9:46   0:00   2:15 
Leon Draisaitl           0  1  1   1  2   3  2  0  0  0  5/13   12:51   5:20   0:00 
Oscar Klefbom            0  0  0  -2  0   0  1  1  0  0  0/0    18:21   6:21   2:40 
Pavel Buchnevich         0  0  0   0  0   3  0  0  1  1  1/1    11:15   4:33   0:00 
Phil Kessel              0  0  0  -1  0   3  0  0  0  0  0/1    11:04   0:00   0:00 
Riley Sheahan            0  0  0  -1  0   3  0  0  0  1  15/29  19:40   0:02   4:53 
Sean Bergenheim          0  1  1  -1  0   0  3  0  0  0  0/1    14:16   0:02   1:32 
Seth Jones               0  0  0   2  0   1  1  0  0  0  0/0    25:35   3:34   5:27 
Shea Weber               0  0  0  -1  2   2  2  1  1  1  0/0    25:19   6:21   4:02 
Stephane Da Costa        1  0  1  -1  0   1  1  1  0  1  7/11   16:22   4:33   0:49 
Taylor Hall              0  1  1  -1  2   2  0  0  2  2  0/3    20:00   5:20   0:42 
Teuvo Teravainen         0  0  0  -1  0   2  1  0  0  0  1/3    15:16   0:00   0:00 
Tobias Enstrom           0  0  0  -3  0   0  1  0  0  1  0/0    13:38   0:00   1:37 

3 Stars

1 - Patrice Bergeron (NYR)
2 - Jakob Silfverberg (NYR)
3 - Sean Couturier (NYR)

Power Play

Rangers - 2 on 6 Attempt(s) - 33.33%
Oilers - 0 on 5 Attempt(s) - 0.00%

Penalty Kill

Rangers - 5 on 5 Attempt(s) - 100.00% - Score 0 goal in Penalty Kill
Oilers - 4 on 6 Attempt(s) - 66.67% - Score 0 goal in Penalty Kill

Team Stat

Rangers - Hits : 21 - Faceoff Wins : 36 - Blocked Shots : 6 - Penalty Minutes : 10
Oilers - Hits : 16 - Faceoff Wins : 31 - Blocked Shots : 7 - Penalty Minutes : 12

Official

Referees : Unknown
Linesman : Unknown

Game Notes

No Game Note

Finance

Level 1 -- Attendance: 4412 (73.53%) -- Ticket Income $485,320
Level 2 -- Attendance: 4163 (83.26%) -- Ticket Income $291,410
Level 3 -- Attendance: 1576 (78.80%) -- Ticket Income $72,496
Level 4 -- Attendance: 3444 (86.10%) -- Ticket Income $103,320
Luxury Box -- Attendance: 1000 (100.00%) -- Ticket Income $180,000
Game was played at the Rogers Arena.
Total Attendance: 14595 (81.08%)
Total Ticket Income: $1,132,546
Other Income: $169,882
Total Income: $1,302,428

Rangers

5 vs 5 Forward 
   Center                   Left Wing                Right Wing               Time % Phy DF OF 
 1 Patrice Bergeron         Milan Lucic              Kyle Okposo              35     1   2  2  
 2 Sean Couturier           Rostislav Olesz          Jakob Silfverberg        30     1   2  2  
 3 Tomas Hertl              Chris Bourque            Steve Quailer            20     1   2  2  
 4 Maxime Sauvé             Magnus Paajarvi          Devante Smith-Pelly      15     1   2  2  

5 vs 5 Defense 
   Defense                  Defense                                           Time % Phy DF OF 
 1 Luke Schenn              Cam Barker                                        40     1   2  2  
 2 Mark Fistric             Dmitry Kulikov                                    30     1   2  2  
 3 Patrik Nemeth            Matt Delahey                                      20     1   2  2  
 4 Luke Schenn              Cam Barker                                        10     1   2  2  

PowerPlay Forward 
   Center                   Left Wing                Right Wing               Time % Phy DF OF 
 1 Patrice Bergeron         Milan Lucic              Jakob Silfverberg        60     1   2  2  
 2 Sean Couturier           Rostislav Olesz          Kyle Okposo              40     1   2  2  

PowerPlay Defense
   Defense                  Defense                                           Time % Phy DF OF 
 1 Luke Schenn              Cam Barker                                        60     1   2  2  
 2 Dmitry Kulikov           Mark Fistric                                      40     1   2  2  

Penalty Kill 4 Players Forward 
   Center                   Wing                     Time % Phy DF OF 
 1 Sean Couturier           Milan Lucic              60     1   2  2  
 2 Patrice Bergeron         Jakob Silfverberg        40     1   2  2  

Penalty Kill 4 Players Defense
   Defense                  Defense                  Time % Phy DF OF 
 1 Cam Barker               Luke Schenn              60     1   2  2  
 2 Mark Fistric             Dmitry Kulikov           40     1   2  2  

Penalty Kill - 3 Players Forward 
   Forward                                           Time % Phy DF OF 
 1 Sean Couturier                                    60     1   2  2  
 2 Patrice Bergeron                                  40     1   2  2  

Penalty Kill - 3 Players Defense
   Defense                  Defense                  Time % Phy DF OF 
 1 Cam Barker               Luke Schenn              60     1   2  2  
 2 Matt Delahey             Patrik Nemeth            40     1   2  2  

4 vs 4 Forward 
   Center                   Wing                     Time % Phy DF OF 
 1 Patrice Bergeron         Jakob Silfverberg        60     1   2  2  
 2 Sean Couturier           Milan Lucic              40     1   2  2  

4 vs 4 Defense
   Defense                  Defense                  Time % Phy DF OF 
 1 Luke Schenn              Cam Barker               60     1   2  2  
 2 Patrik Nemeth            Matt Delahey             40     1   2  2  

Last Minutes Offensive
   Center                   Left Wing                Right Wing               Defense                  Defense                  
   Milan Lucic              Jakob Silfverberg        Patrice Bergeron         Luke Schenn              Cam Barker               

Last Minutes Defensive
   Center                   Left Wing                Right Wing               Defense                  Defense                  
   Milan Lucic              Jakob Silfverberg        Patrice Bergeron         Luke Schenn              Cam Barker               

Goaltenders
Starting : Frederik Andersen        
Backup : Mike Condon              

Extra Forwards
Normal : Patrice Bergeron, Sean Couturier, Milan Lucic - PP : Patrice Bergeron, Jakob Silfverberg - PK : Patrice Bergeron
Extra Defensemen
Normal : Cam Barker, Luke Schenn, Dmitry Kulikov - PP : Cam Barker - PK : Mark Fistric, Luke Schenn
Penalty Shots
Patrice Bergeron, Sean Couturier, Milan Lucic, Jakob Silfverberg, Kyle Okposo

Scratches
None

Oilers

5 vs 5 Forward 
   Center                   Left Wing                Right Wing               Time % Phy DF OF 
 1 Riley Sheahan            Taylor Hall              Teuvo Teravainen         40     1   2  2  
 2 Stephane Da Costa        Sean Bergenheim          Phil Kessel              30     1   2  2  
 3 Leon Draisaitl           James Neal               Jordan Eberle            20     1   2  2  
 4 Kevin Porter             Jordan Caron             Pavel Buchnevich         10     1   2  2  

5 vs 5 Defense 
   Defense                  Defense                                           Time % Phy DF OF 
 1 Seth Jones               Adam Larsson                                      40     1   2  2  
 2 Darnell Nurse            Shea Weber                                        30     1   2  2  
 3 Tobias Enstrom           Oscar Klefbom                                     20     1   2  2  
 4 Shea Weber               Tobias Enstrom                                    10     1   2  2  

PowerPlay Forward 
   Center                   Left Wing                Right Wing               Time % Phy DF OF 
 1 Leon Draisaitl           Taylor Hall              Jordan Eberle            60     0   2  3  
 2 Stephane Da Costa        James Neal               Pavel Buchnevich         40     0   2  3  

PowerPlay Defense
   Defense                  Defense                                           Time % Phy DF OF 
 1 Oscar Klefbom            Shea Weber                                        60     0   2  3  
 2 Seth Jones               Adam Larsson                                      40     0   2  3  

Penalty Kill 4 Players Forward 
   Center                   Wing                     Time % Phy DF OF 
 1 Riley Sheahan            Jordan Eberle            60     0   3  2  
 2 Kevin Porter             Sean Bergenheim          40     0   3  2  

Penalty Kill 4 Players Defense
   Defense                  Defense                  Time % Phy DF OF 
 1 Seth Jones               Shea Weber               60     0   3  2  
 2 Darnell Nurse            Adam Larsson             40     0   3  2  

Penalty Kill - 3 Players Forward 
   Forward                                           Time % Phy DF OF 
 1 Kevin Porter                                      60     0   3  2  
 2 Taylor Hall                                       40     0   3  2  

Penalty Kill - 3 Players Defense
   Defense                  Defense                  Time % Phy DF OF 
 1 Adam Larsson             Shea Weber               60     0   3  2  
 2 Tobias Enstrom           Darnell Nurse            40     0   3  2  

4 vs 4 Forward 
   Center                   Wing                     Time % Phy DF OF 
 1 Riley Sheahan            Phil Kessel              60     1   2  2  
 2 Stephane Da Costa        Taylor Hall              40     1   2  2  

4 vs 4 Defense
   Defense                  Defense                  Time % Phy DF OF 
 1 Adam Larsson             Shea Weber               60     1   2  2  
 2 Seth Jones               Tobias Enstrom           40     1   2  2  

Last Minutes Offensive
   Center                   Left Wing                Right Wing               Defense                  Defense                  
   Riley Sheahan            Taylor Hall              Jordan Eberle            Seth Jones               Shea Weber               

Last Minutes Defensive
   Center                   Left Wing                Right Wing               Defense                  Defense                  
   Riley Sheahan            Sean Bergenheim          Jordan Eberle            Adam Larsson             Shea Weber               

Goaltenders
Starting : James Reimer             
Backup : Jonas Gustavsson         

Extra Forwards
Normal : Pavel Buchnevich, James Neal, Teuvo Teravainen - PP : Pavel Buchnevich, James Neal - PK : James Neal
Extra Defensemen
Normal : Darnell Nurse, Oscar Klefbom, Seth Jones - PP : Darnell Nurse - PK : Oscar Klefbom, Seth Jones
Penalty Shots
Jordan Eberle, Phil Kessel, Taylor Hall, Teuvo Teravainen, James Neal

Scratches
Connor McDavid (Bruised Right Shoulder Injury), Anthony Stewart (Healthy), Denis Grebeshkov (Healthy), Mike Smith (Healthy)

% Time on Ice - Rangers

Lines # - Real PCT - Wanted PCT - Time Play
Normal Forward
1 - 31% - 35% - 12:56
2 - 28% - 30% - 11:29
3 - 22% - 20% - 9:09
4 - 19% - 15% - 8:03
Normal Defense
1 - 37% - 40% - 15:20
2 - 33% - 30% - 13:40
3 - 25% - 20% - 10:17
4 - 6% - 10% - 2:20
PP Forward
1 - 59% - 60% - 5:01
2 - 41% - 40% - 3:27
PP Defense
1 - 67% - 60% - 5:42
2 - 33% - 40% - 2:46
PK Forward
1 - 78% - 60% - 7:45
2 - 22% - 40% - 2:10
PK Defense
1 - 60% - 60% - 5:55
2 - 40% - 40% - 4:00
PK3 Forward
1 - 0% - 60%
2 - 0% - 40%
PK3 Defense
1 - 0% - 60%
2 - 0% - 40%
44 Forward
1 - 0% - 60%
2 - 0% - 40%
44 Defense
1 - 0% - 60%
2 - 0% - 40%
Last Minute Offensive  - 0:00
Last Minute Defensive  - 0:00
Total
Forward - 60:00
Defense - 60:00

% Time on Ice - Oilers

Lines # - Real PCT - Wanted PCT - Time Play
Normal Forward
1 - 37% - 40% - 15:20
2 - 30% - 30% - 12:19
3 - 18% - 20% - 7:32
4 - 15% - 10% - 6:26
Normal Defense
1 - 41% - 40% - 16:57
2 - 33% - 30% - 13:45
3 - 19% - 20% - 7:53
4 - 7% - 10% - 3:02
PP Forward
1 - 54% - 60% - 5:22
2 - 46% - 40% - 4:33
PP Defense
1 - 64% - 60% - 6:21
2 - 36% - 40% - 3:34
PK Forward
1 - 78% - 60% - 5:56
2 - 22% - 40% - 1:39
PK Defense
1 - 82% - 60% - 6:15
2 - 18% - 40% - 1:20
PK3 Forward
1 - 81% - 60% - 0:43
2 - 19% - 40% - 0:10
PK3 Defense
1 - 0% - 60% - 0:00
2 - 100% - 40% - 0:53
44 Forward
1 - 0% - 60%
2 - 0% - 40%
44 Defense
1 - 0% - 60%
2 - 0% - 40%
Last Minute Offensive  - 0:00
Last Minute Defensive  - 0:00
Total
Forward - 60:00
Defense - 60:00

Play-by-Play

1st period


0:01 of 1st period - Riley Sheahan wins face-off versus Patrice Bergeron in neutral zone.
1:35 of 1st period - Slapshot by Kyle Okposo.
1:35 of 1st period - Deflect By Milan Lucic.
1:35 of 1st period - Stopped by James Reimer without a rebound.
1:36 of 1st period - Patrice Bergeron wins face-off versus Taylor Hall in Oilers zone.
1:47 of 1st period - Wrist shot by Kyle Okposo.
1:47 of 1st period - Shot Blocked by Oscar Klefbom.
1:49 of 1st period - Snap shot by Patrice Bergeron.
1:49 of 1st period - Stopped by James Reimer without a rebound.
1:50 of 1st period - Sean Couturier wins face-off versus Phil Kessel in Oilers zone.
1:55 of 1st period - Snap shot by Jakob Silfverberg.
1:55 of 1st period - Goal by Jakob Silfverberg - Rangers : 1 - Oilers : 0.
1:56 of 1st period - Sean Couturier wins face-off versus Riley Sheahan in neutral zone.
1:59 of 1st period - Snap shot by Sean Couturier.
1:59 of 1st period - Stopped by James Reimer without a rebound.
2:00 of 1st period - Riley Sheahan wins face-off versus Sean Couturier in Oilers zone.
2:53 of 1st period - Slapshot by Leon Draisaitl.
2:53 of 1st period - Deflect By James Neal.
2:53 of 1st period - Shot Blocked by Matt Delahey.
2:53 of 1st period - Puck is out of play.
2:54 of 1st period - Leon Draisaitl wins face-off versus Maxime Sauvé in Rangers zone.
3:07 of 1st period - Snap shot by James Neal.
3:07 of 1st period - Deflect By Jordan Eberle.
3:07 of 1st period - Shot Blocked by Patrik Nemeth.
3:07 of 1st period - Puck is out of play.
3:08 of 1st period - Tomas Hertl wins face-off versus Teuvo Teravainen in Rangers zone.
3:18 of 1st period - Slapshot by Taylor Hall.
3:18 of 1st period - Stopped by Frederik Andersen with a rebound.
3:34 of 1st period - Cam Barker is hit by Sean Bergenheim and loses puck.
3:56 of 1st period - Slapshot by Dmitry Kulikov.
3:56 of 1st period - Deflect By Devante Smith-Pelly.
3:56 of 1st period - Stopped by James Reimer without a rebound.
3:57 of 1st period - Maxime Sauvé wins face-off versus Leon Draisaitl in Oilers zone.
4:08 of 1st period - Slapshot by Tobias Enstrom.
4:08 of 1st period - Shot Misses the Net.
5:15 of 1st period - Matt Delahey is hit by Sean Bergenheim and loses puck.
5:28 of 1st period - Slapshot by Shea Weber.
5:28 of 1st period - Stopped by Frederik Andersen with a rebound.
6:26 of 1st period - Wrist shot by Tomas Hertl.
6:26 of 1st period - Stopped by James Reimer without a rebound.
6:27 of 1st period - Stephane Da Costa wins face-off versus Tomas Hertl in Oilers zone.
6:38 of 1st period - Snap shot by Phil Kessel.
6:38 of 1st period - Stopped by Frederik Andersen without a rebound.
6:39 of 1st period - Sean Couturier wins face-off versus Riley Sheahan in Rangers zone.
6:44 of 1st period - Slapshot by Riley Sheahan.
6:44 of 1st period - Stopped by Frederik Andersen with a rebound.
6:46 of 1st period - Slapshot by Adam Larsson.
6:46 of 1st period - Stopped by Frederik Andersen with a rebound.
6:48 of 1st period - Wrist shot by Riley Sheahan.
6:48 of 1st period - Shot Misses the Net.
6:50 of 1st period - Slapshot by Adam Larsson.
6:50 of 1st period - Deflect By Teuvo Teravainen.
6:50 of 1st period - Stopped by Frederik Andersen with a rebound.
6:54 of 1st period - Wrist shot by Riley Sheahan.
6:54 of 1st period - Deflect By Taylor Hall.
6:54 of 1st period - Shot Misses the Net.
6:54 of 1st period - Puck is out of play.
6:55 of 1st period - Stephane Da Costa wins face-off versus Patrice Bergeron in Rangers zone.
7:02 of 1st period - Slapshot by Milan Lucic.
7:02 of 1st period - Shot Blocked by Stephane Da Costa.
7:37 of 1st period - Snap shot by Jakob Silfverberg.
7:37 of 1st period - Shot Misses the Net.
7:39 of 1st period - Snap shot by Sean Couturier.
7:39 of 1st period - Shot Misses the Net.
8:21 of 1st period - Wrist shot by James Neal.
8:21 of 1st period - Stopped by Frederik Andersen without a rebound.
8:22 of 1st period - Riley Sheahan wins face-off versus Patrice Bergeron in Rangers zone.
8:57 of 1st period - Seth Jones is hit by Milan Lucic and loses puck.
9:10 of 1st period - Slapshot by Milan Lucic.
9:10 of 1st period - Stopped by James Reimer with a rebound.
9:12 of 1st period - Slapshot by Cam Barker.
9:12 of 1st period - Stopped by James Reimer without a rebound.
9:13 of 1st period - Riley Sheahan wins face-off versus Sean Couturier in Oilers zone.
9:45 of 1st period - Shea Weber is hit by Steve Quailer and loses puck.
10:44 of 1st period - Rostislav Olesz is hit by Seth Jones and loses puck.
10:49 of 1st period - Snap shot by Taylor Hall.
10:49 of 1st period - Shot Misses the Net.
10:51 of 1st period - Wrist shot by Riley Sheahan.
10:51 of 1st period - Shot Misses the Net.
10:57 of 1st period - Slapshot by Teuvo Teravainen.
10:57 of 1st period - Shot Blocked by Matt Delahey.
11:21 of 1st period - Icing by Maxime Sauvé.
11:22 of 1st period - Maxime Sauvé wins face-off versus Riley Sheahan in Rangers zone.
12:01 of 1st period - Snap shot by Patrice Bergeron.
12:01 of 1st period - Goal by Patrice Bergeron - Rangers : 2 - Oilers : 0.
12:02 of 1st period - Rostislav Olesz wins face-off versus Taylor Hall in neutral zone.
12:27 of 1st period - Milan Lucic is hit by Stephane Da Costa and loses puck.
12:34 of 1st period - Snap shot by Luke Schenn.
12:34 of 1st period - Stopped by James Reimer with a rebound.
12:54 of 1st period - James Neal is hit by Dmitry Kulikov and loses puck.
13:13 of 1st period - Slapshot by Shea Weber.
13:13 of 1st period - Deflect By Jordan Caron.
13:13 of 1st period - Shot Misses the Net.
13:13 of 1st period - Puck is out of play.
13:14 of 1st period - Tomas Hertl wins face-off versus Kevin Porter in Rangers zone.
13:21 of 1st period - Slapshot by Steve Quailer.
13:21 of 1st period - Stopped by James Reimer without a rebound.
13:22 of 1st period - Sean Couturier wins face-off versus Riley Sheahan in Oilers zone.
13:33 of 1st period - Snap shot by Sean Couturier.
13:33 of 1st period - Shot Misses the Net.
13:35 of 1st period - Snap shot by Jakob Silfverberg.
13:35 of 1st period - Stopped by James Reimer with a rebound.
13:37 of 1st period - Slapshot by Luke Schenn.
13:37 of 1st period - Stopped by James Reimer without a rebound.
13:38 of 1st period - Stephane Da Costa wins face-off versus Patrice Bergeron in Oilers zone.
14:05 of 1st period - Teuvo Teravainen is hit by Sean Couturier and loses puck.
14:28 of 1st period - Wrist shot by James Neal.
14:28 of 1st period - Goal by James Neal - Rangers : 2 - Oilers : 1.
14:29 of 1st period - Patrice Bergeron wins face-off versus Riley Sheahan in neutral zone.
14:44 of 1st period - Snap shot by Patrice Bergeron.
14:44 of 1st period - Shot Misses the Net.
15:06 of 1st period - Wrist shot by Jakob Silfverberg.
15:06 of 1st period - Stopped by James Reimer with a rebound.
15:08 of 1st period - Backhand shot by Luke Schenn.
15:08 of 1st period - Deflect By Shea Weber.
15:08 of 1st period - Stopped by James Reimer with a rebound.
16:25 of 1st period - Wrist shot by Jakob Silfverberg.
16:25 of 1st period - Stopped by James Reimer with a rebound.
16:27 of 1st period - Snap shot by Sean Couturier.
16:27 of 1st period - Shot Misses the Net.
16:29 of 1st period - Snap shot by Jakob Silfverberg.
16:29 of 1st period - Stopped by James Reimer without a rebound.
16:30 of 1st period - Patrice Bergeron wins face-off versus Riley Sheahan in Oilers zone.
16:41 of 1st period - Snap shot by Milan Lucic.
16:41 of 1st period - Stopped by James Reimer with a rebound.
17:25 of 1st period - Tobias Enstrom is hit by Matt Delahey and loses puck.
17:42 of 1st period - Snap shot by Chris Bourque.
17:42 of 1st period - Stopped by James Reimer without a rebound.
17:43 of 1st period - Riley Sheahan wins face-off versus Magnus Paajarvi in Oilers zone.
18:34 of 1st period - Devante Smith-Pelly is hit by Leon Draisaitl and loses puck.
18:39 of 1st period - Wrist shot by James Neal.
18:39 of 1st period - Shot Misses the Net.
18:41 of 1st period - Wrist shot by Adam Larsson.
18:41 of 1st period - Stopped by Frederik Andersen with a rebound.
18:51 of 1st period - Sean Bergenheim is hit by Kyle Okposo and loses puck.
19:21 of 1st period - Wrist shot by Jakob Silfverberg.
19:21 of 1st period - Goal by Jakob Silfverberg - Rangers : 3 - Oilers : 1.
19:22 of 1st period - Patrice Bergeron wins face-off versus Riley Sheahan in neutral zone.
19:35 of 1st period - Snap shot by Patrice Bergeron.
19:35 of 1st period - Stopped by James Reimer with a rebound.
19:37 of 1st period - Slapshot by Kyle Okposo.
19:37 of 1st period - Stopped by James Reimer without a rebound.
19:38 of 1st period - Sean Couturier wins face-off versus Stephane Da Costa in Oilers zone.
19:55 of 1st period - Slapshot by Phil Kessel.
19:55 of 1st period - Stopped by Frederik Andersen with a rebound.
Goals for this period are 3 for Rangers vs 1 for Oilers.
Shots for this period are 22 for Rangers vs 10 for Oilers.

2nd period


0:01 of 2nd period - Patrice Bergeron wins face-off versus Riley Sheahan in neutral zone.
0:34 of 2nd period - Wrist shot by Taylor Hall.
0:34 of 2nd period - Stopped by Frederik Andersen without a rebound.
0:35 of 2nd period - Tomas Hertl wins face-off versus Leon Draisaitl in Rangers zone.
0:39 of 2nd period - Off-side.
0:40 of 2nd period - Leon Draisaitl wins face-off versus Tomas Hertl in neutral zone.
0:43 of 2nd period - Steve Quailer is hit by Tobias Enstrom and loses puck.
1:08 of 2nd period - Wrist shot by Tobias Enstrom.
1:08 of 2nd period - Shot Misses the Net.
1:10 of 2nd period - Snap shot by Riley Sheahan.
1:10 of 2nd period - Shot Blocked by Luke Schenn.
1:26 of 2nd period - Slapshot by Stephane Da Costa.
1:26 of 2nd period - Goal by Stephane Da Costa - Rangers : 3 - Oilers : 2.
1:27 of 2nd period - Riley Sheahan wins face-off versus Patrice Bergeron in neutral zone.
2:09 of 2nd period - Minor Penalty to Sean Couturier for Cross-checking.
2:10 of 2nd period - Leon Draisaitl wins face-off versus Patrice Bergeron in Rangers zone.
2:13 of 2nd period - Wrist shot by Leon Draisaitl.
2:13 of 2nd period - Stopped by Frederik Andersen with a rebound.
2:37 of 2nd period - Tomas Hertl is hit by Oscar Klefbom and loses puck.
4:09 of 2nd period - Penalty to Sean Couturier is over, Sean Couturier is back on ice.
4:13 of 2nd period - Off-side.
4:14 of 2nd period - Teuvo Teravainen wins face-off versus Sean Couturier in neutral zone.
4:31 of 2nd period - Snap shot by Teuvo Teravainen.
4:31 of 2nd period - Shot Misses the Net.
4:42 of 2nd period - Wrist shot by Rostislav Olesz.
4:42 of 2nd period - Deflect By Jakob Silfverberg.
4:42 of 2nd period - Stopped by James Reimer without a rebound.
4:43 of 2nd period - Patrice Bergeron wins face-off versus Kevin Porter in Oilers zone.
4:50 of 2nd period - Snap shot by Patrice Bergeron.
4:50 of 2nd period - Stopped by James Reimer with a rebound.
5:17 of 2nd period - Wrist shot by Riley Sheahan.
5:17 of 2nd period - Stopped by Frederik Andersen without a rebound.
5:18 of 2nd period - Tomas Hertl wins face-off versus Leon Draisaitl in Rangers zone.
5:31 of 2nd period - Wrist shot by Chris Bourque.
5:31 of 2nd period - Shot Misses the Net.
6:17 of 2nd period - Wrist shot by Jakob Silfverberg.
6:17 of 2nd period - Shot Blocked by Kevin Porter.
6:19 of 2nd period - Slapshot by Dmitry Kulikov.
6:19 of 2nd period - Stopped by James Reimer with a rebound.
6:21 of 2nd period - Snap shot by Mark Fistric.
6:21 of 2nd period - Shot Misses the Net.
6:37 of 2nd period - Snap shot by Jakob Silfverberg.
6:37 of 2nd period - Shot Blocked by Jordan Caron.
6:53 of 2nd period - Slapshot by Jakob Silfverberg.
6:53 of 2nd period - Stopped by James Reimer with a rebound.
7:15 of 2nd period - Slapshot by Sean Couturier.
7:15 of 2nd period - Shot Misses the Net.
7:17 of 2nd period - Slapshot by Mark Fistric.
7:17 of 2nd period - Shot Misses the Net.
7:27 of 2nd period - Wrist shot by Sean Couturier.
7:27 of 2nd period - Shot Misses the Net.
7:29 of 2nd period - Slapshot by Rostislav Olesz.
7:29 of 2nd period - Stopped by James Reimer without a rebound.
7:30 of 2nd period - Riley Sheahan wins face-off versus Patrice Bergeron in Oilers zone.
7:39 of 2nd period - Snap shot by Taylor Hall.
7:39 of 2nd period - Shot Blocked by Kyle Okposo.
7:41 of 2nd period - Wrist shot by Teuvo Teravainen.
7:41 of 2nd period - Stopped by Frederik Andersen without a rebound.
7:42 of 2nd period - Patrice Bergeron wins face-off versus Riley Sheahan in Rangers zone.
7:46 of 2nd period - Minor Penalty to Taylor Hall for Tripping.
7:47 of 2nd period - Patrice Bergeron wins face-off versus Riley Sheahan in Oilers zone.
7:58 of 2nd period - Off-side.
7:59 of 2nd period - Patrice Bergeron wins face-off versus Riley Sheahan in neutral zone.
8:26 of 2nd period - Jordan Eberle is hit by Patrice Bergeron and loses puck.
8:33 of 2nd period - Wrist shot by Patrice Bergeron.
8:33 of 2nd period - Goal by Patrice Bergeron - Rangers : 4 - Oilers : 2.
8:34 of 2nd period - Stephane Da Costa wins face-off versus Patrice Bergeron in neutral zone.
8:45 of 2nd period - Snap shot by Milan Lucic.
8:45 of 2nd period - Shot Misses the Net.
8:47 of 2nd period - Slapshot by Cam Barker.
8:47 of 2nd period - Stopped by James Reimer without a rebound.
8:48 of 2nd period - Riley Sheahan wins face-off versus Tomas Hertl in Oilers zone.
9:07 of 2nd period - Tomas Hertl is hit by Adam Larsson and loses puck.
9:14 of 2nd period - Taylor Hall is hit by Chris Bourque and loses puck.
9:33 of 2nd period - Slapshot by Steve Quailer.
9:33 of 2nd period - Stopped by James Reimer without a rebound.
9:34 of 2nd period - Stephane Da Costa wins face-off versus Patrice Bergeron in Oilers zone.
10:01 of 2nd period - Leon Draisaitl is hit by Jakob Silfverberg and loses puck.
10:06 of 2nd period - Snap shot by Sean Couturier.
10:06 of 2nd period - Stopped by James Reimer without a rebound.
10:07 of 2nd period - Leon Draisaitl wins face-off versus Rostislav Olesz in Oilers zone.
10:28 of 2nd period - Minor Penalty to James Neal for Holding Stick.
10:29 of 2nd period - Riley Sheahan wins face-off versus Patrice Bergeron in Oilers zone.
11:04 of 2nd period - Snap shot by Sean Couturier.
11:04 of 2nd period - Shot Misses the Net.
12:28 of 2nd period - Penalty to James Neal is over, James Neal is back on ice.
13:44 of 2nd period - Minor Penalty to Shea Weber for Boarding.
13:45 of 2nd period - Riley Sheahan wins face-off versus Patrice Bergeron in Oilers zone.
13:45 of 2nd period - Riley Sheahan is hit by Patrice Bergeron.
14:18 of 2nd period - Cam Barker is hit by Sean Bergenheim and loses puck.
15:44 of 2nd period - Penalty to Shea Weber is over, Shea Weber is back on ice.
15:50 of 2nd period - Icing by Seth Jones.
15:51 of 2nd period - Tomas Hertl wins face-off versus Stephane Da Costa in Oilers zone.
16:32 of 2nd period - Backhand shot by Taylor Hall.
16:32 of 2nd period - Deflect By Teuvo Teravainen.
16:32 of 2nd period - Shot Misses the Net.
16:32 of 2nd period - Puck is out of play.
16:33 of 2nd period - Patrice Bergeron wins face-off versus Riley Sheahan in Rangers zone.
16:39 of 2nd period - Off-side.
16:40 of 2nd period - Riley Sheahan wins face-off versus Patrice Bergeron in neutral zone.
16:49 of 2nd period - Snap shot by Riley Sheahan.
16:49 of 2nd period - Shot Misses the Net.
16:55 of 2nd period - Snap shot by Riley Sheahan.
16:55 of 2nd period - Shot Misses the Net.
16:59 of 2nd period - Snap shot by Riley Sheahan.
16:59 of 2nd period - Stopped by Frederik Andersen without a rebound.
17:00 of 2nd period - Sean Couturier wins face-off versus Sean Bergenheim in Rangers zone.
17:09 of 2nd period - Snap shot by Phil Kessel.
17:09 of 2nd period - Stopped by Frederik Andersen with a rebound.
17:58 of 2nd period - Snap shot by Leon Draisaitl.
17:58 of 2nd period - Stopped by Frederik Andersen with a rebound.
18:00 of 2nd period - Snap shot by Shea Weber.
18:00 of 2nd period - Stopped by Frederik Andersen with a rebound.
18:02 of 2nd period - Wrist shot by Jordan Eberle.
18:02 of 2nd period - Stopped by Frederik Andersen with a rebound.
18:04 of 2nd period - Slapshot by Leon Draisaitl.
18:04 of 2nd period - Stopped by Frederik Andersen with a rebound.
18:16 of 2nd period - Slapshot by Mark Fistric.
18:16 of 2nd period - Deflect By Devante Smith-Pelly.
18:16 of 2nd period - Shot Misses the Net.
18:16 of 2nd period - Puck is out of play.
18:17 of 2nd period - Kevin Porter wins face-off versus Maxime Sauvé in Oilers zone.
18:17 of 2nd period - Kevin Porter is hit by Devante Smith-Pelly.
18:31 of 2nd period - Snap shot by Pavel Buchnevich.
18:31 of 2nd period - Stopped by Frederik Andersen with a rebound.
18:33 of 2nd period - Slapshot by Pavel Buchnevich.
18:33 of 2nd period - Stopped by Frederik Andersen with a rebound.
18:35 of 2nd period - Snap shot by Pavel Buchnevich.
18:35 of 2nd period - Stopped by Frederik Andersen without a rebound.
18:36 of 2nd period - Patrice Bergeron wins face-off versus Teuvo Teravainen in Rangers zone.
18:36 of 2nd period - Patrice Bergeron is hit by Teuvo Teravainen.
18:39 of 2nd period - Minor Penalty to Milan Lucic for Interference.
18:40 of 2nd period - Sean Couturier wins face-off versus Leon Draisaitl in Rangers zone.
18:40 of 2nd period - Sean Couturier is hit by Leon Draisaitl.
19:17 of 2nd period - Slapshot by Pavel Buchnevich.
19:17 of 2nd period - Shot Misses the Net.
Goals for this period are 1 for Rangers vs 1 for Oilers.
Shots for this period are 9 for Rangers vs 14 for Oilers.

3rd period


0:01 of 3rd period - Sean Couturier wins face-off versus Leon Draisaitl in neutral zone.
0:39 of 3rd period - Penalty to Milan Lucic is over, Milan Lucic is back on ice.
1:06 of 3rd period - Slapshot by Dmitry Kulikov.
1:06 of 3rd period - Deflect By Milan Lucic.
1:06 of 3rd period - Shot Misses the Net.
1:06 of 3rd period - Puck is out of play.
1:07 of 3rd period - Patrice Bergeron wins face-off versus Stephane Da Costa in Oilers zone.
1:20 of 3rd period - Snap shot by Kyle Okposo.
1:20 of 3rd period - Shot Hit the Post.
1:22 of 3rd period - Snap shot by Milan Lucic.
1:22 of 3rd period - Stopped by James Reimer with a rebound.
1:51 of 3rd period - Minor Penalty to Luke Schenn for Holding.
1:52 of 3rd period - Sean Couturier wins face-off versus Taylor Hall in Rangers zone.
2:29 of 3rd period - Wrist shot by Pavel Buchnevich.
2:29 of 3rd period - Shot Blocked by Dmitry Kulikov.
3:07 of 3rd period - Milan Lucic is hit by Shea Weber.
3:19 of 3rd period - Oscar Klefbom is hit by Tomas Hertl and loses puck.
3:51 of 3rd period - Penalty to Luke Schenn is over, Luke Schenn is back on ice.
4:17 of 3rd period - Snap shot by Seth Jones.
4:17 of 3rd period - Stopped by Frederik Andersen without a rebound.
4:18 of 3rd period - Pavel Buchnevich wins face-off versus Tomas Hertl in Rangers zone.
4:33 of 3rd period - Minor Penalty to Steve Quailer for Interference.
4:34 of 3rd period - Sean Couturier wins face-off versus Leon Draisaitl in Rangers zone.
5:13 of 3rd period - Jakob Silfverberg is hit by James Neal and loses puck.
6:33 of 3rd period - Penalty to Steve Quailer is over, Steve Quailer is back on ice.
7:16 of 3rd period - Riley Sheahan is hit by Steve Quailer and loses puck.
7:47 of 3rd period - Pavel Buchnevich is hit by Chris Bourque and loses puck.
7:56 of 3rd period - Kyle Okposo is hit by Kevin Porter and loses puck.
8:39 of 3rd period - Icing by Phil Kessel.
8:40 of 3rd period - Patrice Bergeron wins face-off versus Stephane Da Costa in Oilers zone.
9:03 of 3rd period - Wrist shot by Tomas Hertl.
9:03 of 3rd period - Shot Misses the Net.
9:05 of 3rd period - Snap shot by Tomas Hertl.
9:05 of 3rd period - Stopped by James Reimer with a rebound.
9:07 of 3rd period - Wrist shot by Steve Quailer.
9:07 of 3rd period - Stopped by James Reimer without a rebound.
9:08 of 3rd period - Patrice Bergeron wins face-off versus Leon Draisaitl in Oilers zone.
9:13 of 3rd period - Snap shot by Milan Lucic.
9:13 of 3rd period - Stopped by James Reimer with a rebound.
9:21 of 3rd period - Snap shot by James Neal.
9:21 of 3rd period - Stopped by Frederik Andersen with a rebound.
9:23 of 3rd period - Snap shot by James Neal.
9:23 of 3rd period - Deflect By Leon Draisaitl.
9:23 of 3rd period - Shot Misses the Net.
9:23 of 3rd period - Puck is out of play.
9:24 of 3rd period - Riley Sheahan wins face-off versus Sean Couturier in Rangers zone.
9:28 of 3rd period - Minor Penalty to Rostislav Olesz for Hooking.
9:29 of 3rd period - Sean Couturier wins face-off versus Leon Draisaitl in Rangers zone.
11:26 of 3rd period - Patrice Bergeron is hit by Shea Weber and loses puck.
11:28 of 3rd period - Penalty to Rostislav Olesz is over, Rostislav Olesz is back on ice.
11:37 of 3rd period - Riley Sheahan is hit by Cam Barker and loses puck.
11:52 of 3rd period - Magnus Paajarvi is hit by Adam Larsson and loses puck.
12:31 of 3rd period - Seth Jones is hit by Devante Smith-Pelly and loses puck.
13:43 of 3rd period - Phil Kessel is hit by Patrice Bergeron and loses puck.
14:01 of 3rd period - Minor Penalty to Darnell Nurse for Tripping.
14:02 of 3rd period - Riley Sheahan wins face-off versus Sean Couturier in Oilers zone.
14:15 of 3rd period - Slapshot by Rostislav Olesz.
14:15 of 3rd period - Stopped by James Reimer without a rebound.
14:16 of 3rd period - Patrice Bergeron wins face-off versus Riley Sheahan in Oilers zone.
15:07 of 3rd period - Minor Penalty to Adam Larsson for High sticking.
15:08 of 3rd period - Kevin Porter wins face-off versus Patrice Bergeron in Oilers zone.
15:43 of 3rd period - Kevin Porter is hit by Kyle Okposo and loses puck.
16:01 of 3rd period - Penalty to Darnell Nurse is over, Darnell Nurse is back on ice.
16:16 of 3rd period - Seth Jones is hit by Milan Lucic and loses puck.
16:53 of 3rd period - Wrist shot by Patrice Bergeron.
16:53 of 3rd period - Shot Blocked by Jordan Eberle.
16:55 of 3rd period - Wrist shot by Luke Schenn.
16:55 of 3rd period - Shot Blocked by Shea Weber.
16:57 of 3rd period - Slapshot by Cam Barker.
16:57 of 3rd period - Stopped by James Reimer with a rebound.
16:59 of 3rd period - Snap shot by Milan Lucic.
16:59 of 3rd period - Stopped by James Reimer without a rebound.
17:00 of 3rd period - Sean Couturier wins face-off versus Kevin Porter in Oilers zone.
17:07 of 3rd period - Penalty to Adam Larsson is over, Adam Larsson is back on ice.
17:25 of 3rd period - Adam Larsson is hit by Devante Smith-Pelly and loses puck.
17:38 of 3rd period - Slapshot by Dmitry Kulikov.
17:38 of 3rd period - Shot Misses the Net.
18:07 of 3rd period - Slapshot by Rostislav Olesz.
18:07 of 3rd period - Stopped by James Reimer without a rebound.
18:08 of 3rd period - Stephane Da Costa wins face-off versus Sean Couturier in Oilers zone.
18:11 of 3rd period - Wrist shot by Rostislav Olesz.
18:11 of 3rd period - Stopped by James Reimer without a rebound.
18:12 of 3rd period - Leon Draisaitl wins face-off versus Sean Couturier in Oilers zone.
18:14 of 3rd period - Minor Penalty to Leon Draisaitl for Cross-checking.
18:15 of 3rd period - Riley Sheahan wins face-off versus Patrice Bergeron in Oilers zone.
18:15 of 3rd period - Riley Sheahan is hit by Jakob Silfverberg.
18:52 of 3rd period - Slapshot by Cam Barker.
18:52 of 3rd period - Deflect By Sean Couturier.
18:52 of 3rd period - Goal by Sean Couturier - Rangers : 5 - Oilers : 2.
18:53 of 3rd period - Patrice Bergeron wins face-off versus Riley Sheahan in neutral zone.
18:56 of 3rd period - Wrist shot by Patrice Bergeron.
18:56 of 3rd period - Shot Blocked by Adam Larsson.
18:58 of 3rd period - Snap shot by Cam Barker.
18:58 of 3rd period - Stopped by James Reimer with a rebound.
19:00 of 3rd period - Slapshot by Cam Barker.
19:00 of 3rd period - Stopped by James Reimer without a rebound.
19:01 of 3rd period - Riley Sheahan wins face-off versus Patrice Bergeron in Oilers zone.
19:36 of 3rd period - Off-side.
19:37 of 3rd period - Stephane Da Costa wins face-off versus Jakob Silfverberg in neutral zone.
Goals for this period are 1 for Rangers vs 0 for Oilers.
Shots for this period are 12 for Rangers vs 2 for Oilers.